Map: Ultralove

Players

LiquidClem (Clem) - Winner!

  • Race: Terran Terran
  • League: Grandmaster
  • Spawn Location: 7:00

ShoWTimE

  • Race: Protoss Protoss
  • League: Grandmaster
  • Spawn Location: 1:00

VOD

Have the link to the VOD?

Description

Time

  • Played on: Jan. 20, 2025, 2:26 p.m.
  • Length: 9:05
Show
View Real Time Build Order
Export as new Build Order

LiquidClem Terran - Winner!

Build Orders: Reaper Expand 

Get SALT Encoding   

  12  0:00  SCV  
  13  0:12  SCV  
  14  0:17  Supply Depot  
  14  0:24  SCV  
  15  0:38  SCV  
  15  0:40  Barracks  
  16  0:44  Refinery  
  16  0:50  SCV  
  17  1:02  SCV  
  18  1:05  Engineering Bay  
  18  1:14  SCV  
  19  1:27  Orbital Command, Reaper  
  20  1:45  Command Center  
  20  1:53  Supply Depot  
  20  1:56  SCV  
  20  1:59  Marine  
  22  2:08  SCV  
  23  2:10  Factory  
  23  2:17  Marine  
  23  2:20  Bunker  
  24  2:23  SCV  
  24  2:29  Refinery  
  25  2:35  SCV  
  25  2:36  Barracks Reactor  
  26  2:47  SCV  
  27  2:56  Hellion  
  27  2:57  Orbital Command  
  28  2:59  Starport, SCV  
  29  3:11  SCV  
  30  3:12  Marine  
  30  3:13  Marine  
  30  3:15  Supply Depot  
  30  3:18  Factory Tech Lab  
  32  3:23  SCV x2  
  34  3:31  Marine x2  
  36  3:35  SCV  
  36  3:36  SCV  
  38  3:42  Factory Tech Lab  
  38  3:48  SCV x2  
  42  3:51  Marine x2  
  42  3:52  Banshee, Barracks  
  45  4:00  SCV x2  
  43  4:04  Siege Tank  
  43  4:12  SCV x2  
  42  4:17  Marine x2  
  44  4:24  SCV  
  44  4:29  Orbital Command  
  44  4:35  Marine x2  
  44  4:36  Siege Tank, SCV  
  44  4:38  Banshee  
  53  4:45  Marine  
  53  4:51  Supply Depot  
  54  5:06  Marine x3, SCV x2  
  59  5:09  Siege Tank, Barracks  
  62  5:18  SCV x2  
  62  5:19  Supply Depot  
  64  5:23  Marine x2  
  64  5:26  Refinery  
  66  5:30  Engineering Bay, SCV x2  
  66  5:34  Marine  
  69  5:37  Supply Depot  
  69  5:41  Marine  
  69  5:42  SCV x2  
  72  5:45  Marine  
  72  5:47  Supply Depot  
  73  5:51  Marine  
  73  5:52  Factory Reactor  
  73  5:54  SCV x2  
  76  5:57  Starport Reactor  
  76  5:58  Terran Infantry Weapons Level 1  
  76  6:01  Marine  
  76  6:02  Supply Depot  
  76  6:03  Marine  
  78  6:06  Marauder  
  78  6:11  Marauder, SCV  
  81  6:12  SCV  
  81  6:14  Stimpack  
  81  6:20  Supply Depot, Marine, Refinery  
  81  6:24  SCV  
  83  6:28  Widow Mine x2  
  83  6:29  Marauder  
  89  6:33  Barracks Tech Lab  
  89  6:34  Medivac  
  89  6:37  Supply Depot  
  89  6:38  Medivac  
  89  6:39  Marine x2  
  94  6:40  SCV  
  94  6:41  SCV  
  95  6:51  Combat Shield  
  95  6:53  Marauder x2  
  99  6:56  Marine x2  
  99  6:59  Supply Depot  
  101  7:02  Widow Mine x2  
  101  7:04  Supply Depot  
  101  7:07  Medivac  
  107  7:10  Supply Depot  
  107  7:14  Marine x2  
  109  7:18  Missile Turret, Marauder x2  
  109  7:22  Medivac  
  115  7:25  Widow Mine  
  117  7:32  Widow Mine, Marine x2  
  118  7:38  Medivac  
  118  7:40  Command Center  
  118  7:42  Marauder  
  124  7:44  Marauder  
  124  7:49  Supply Depot  
  123  7:53  Marine  
  123  7:54  Marine  
  123  7:57  Widow Mine  
  127  8:02  Medivac  
  127  8:04  Marauder  
  127  8:05  Supply Depot, Marauder  
  129  8:17  Marine x2  
  129  8:18  SCV  
  126  8:21  Barracks  
  126  8:22  Barracks  
  126  8:25  Widow Mine x2, Marauder  
  126  8:26  Marine, SCV  
  134  8:30  SCV  
  135  8:40  Marine  
  138  8:41  SCV  
  138  8:45  SCV  
Show
View Real Time Build Order
Export as new Build Order

ShoWTimE Protoss 

Build Orders: 1 Gate Expand, Blink Stalkers 

Get SALT Encoding   

  12  0:00  Probe  
  13  0:12  Probe  
  14  0:17  Pylon  
  14  0:24  Probe  
  15  0:32  Probe  
  15  0:35  Gateway  
  15  0:40  Probe  
  16  0:46  Assimilator  
  17  0:50  Probe  
  18  1:02  Probe  
  19  1:15  Probe  
  20  1:22  Cybernetics Core  
  20  1:33  Probe  
  20  1:39  Nexus  
  21  1:44  Pylon  
  21  1:48  Probe  
  21  1:50  Warp Gate  
  21  1:52  Assimilator, Adept  
  22  2:05  Probe  
  25  2:12  Pylon, Adept  
  25  2:17  Probe  
  28  2:29  Probe  
  29  2:34  Gateway  
  29  2:44  Gateway  
  29  2:49  Probe  
  30  2:54  Probe  
  30  2:56  Stalker  
  29  3:01  Probe  
  32  3:10  Twilight Council  
  32  3:12  Probe  
  33  3:15  Probe  
  34  3:24  Probe  
  35  3:27  Probe  
  35  3:32  Blink  
  36  3:36  Probe  
  36  3:37  Adept x3  
  43  3:42  Probe  
  43  3:48  Probe  
  45  3:51  Pylon  
  45  3:54  Probe  
  44  4:12  Stalker x3  
  44  4:13  Probe  
  44  4:14  Probe  
  50  4:21  Robotics Facility  
  50  4:25  Probe  
  50  4:26  Probe  
  50  4:27  Assimilator  
  52  4:38  Probe  
  51  4:39  Shield Battery  
  51  4:40  Shield Battery  
  49  4:47  Probe  
  49  4:50  Probe  
  51  4:53  Stalker x3  
  57  5:00  Probe  
  57  5:02  Probe  
  57  5:03  Warp Prism  
  57  5:05  Pylon  
  61  5:16  Pylon  
  61  5:24  Stalker x3  
  67  5:35  Nexus  
  67  5:39  Observer  
  67  5:42  Pylon  
  68  5:47  Stalker x2  
  72  5:52  Stalker  
  72  5:54  Probe  
  70  5:58  Observer  
  70  6:00  Probe  
  71  6:04  Charge  
  71  6:06  Probe  
  68  6:14  Probe  
  67  6:23  Robotics Bay  
  67  6:24  Forge  
  67  6:25  Probe  
  66  6:26  Probe  
  66  6:27  Observer  
  68  6:33  Assimilator  
  68  6:37  Probe  
  68  6:38  Probe  
  70  6:44  Gateway  
  70  6:45  Probe x2  
  70  6:46  Probe  
  70  6:48  Stalker x2  
  70  6:53  Probe x2  
  77  6:54  Probe  
  77  6:57  Protoss Ground Weapons Level 1  
  80  7:03  Probe x2  
  80  7:05  Probe  
  80  7:07  Colossus  
  80  7:08  Pylon  
  83  7:15  Probe x2, Extended Thermal Lance  
  85  7:17  Probe  
  92  7:27  Probe x2  
  92  7:29  Probe  
  95  7:39  Probe x2, Sentry  
  95  7:40  Zealot  
  95  7:42  Shield Battery  
  95  7:43  Gateway  
  100  7:45  Gateway  
  98  7:51  Gateway  
  98  7:53  Sentry  
  98  7:57  Gateway  
  100  7:59  Pylon  
  100  8:06  Pylon  
  100  8:09  Pylon  
  98  8:17  Zealot x2, Sentry  
  98  8:18  Zealot  
  104  8:37  Zealot  
  104  8:38  Zealot x3  
  109  8:44  Zealot  
Tags
 
Add a new tag
Caveats
  • Supply blocks, unpowered buildings, or Contaminate may cause inaccurate times.
  • Supply counts are checked every 10 seconds.